 Dungeon Crawl Stone Soup version 0.28-a0-406-g4bac719ec2 (webtiles) character file.

Game seed: 5432631686826095169

41 Decipherer the Poker (level 3, -1/34 HPs)
             Began as a Minotaur Berserker on Sept 5, 2021.
             Was a Follower of Trog.
             Slain by a gnoll (7 damage)
             ... on level 2 of the Dungeon.
             The game lasted 00:00:43 (1099 turns).

Decipherer the Poker (Minotaur Berserker)           Turns: 1099, Time: 00:00:44

Health: -1/34      AC:  2    Str: 22    XL:     3   Next: 32%
Magic:  2/2        EV: 12    Int:  4    God:    Trog [*.....]
Gold:   50         SH:  0    Dex:  9    Spells: 2/2 levels left

rFire   . . .      SeeInvis .   a - +0 spear
rCold   . . .      Faith    .   (no shield)
rNeg    . . .      Spirit   .   b - +0 animal skin
rPois   .          Reflect  .   (helmet restricted)
rElec   .          Harm     .   (no cloak)
rCorr   .          Rampage  .   (no gloves)
Will    .....                   (no boots)
Stlth   +.........              (no amulet)
HPRegen 0.11/turn               (no ring)
MPRegen 0.08/turn               (no ring)

@: weak-willed, on berserk cooldown, slowed, very slow
A: horns 2, retaliatory headbutt
a: Renounce Religion, Berserk


You were on level 2 of the Dungeon.
You worshipped Trog.
Trog was aware of your devotion.
You visited 1 branch of the dungeon, and saw 2 of its levels.

You collected 50 gold pieces.

Inventory:

Hand Weapons
 a - a +0 spear (weapon)
Armour
 b - a +0 animal skin (worn)
Potions
 c - a potion of degeneration {unknown}
 d - a potion of flight {unknown}
 f - a potion of magic {unknown}


   Skills:
 + Level 4.3 Fighting
 + Level 4.4 Polearms
 + Level 2.6 Armour
 + Level 2.4 Dodging
 + Level 0.2 Stealth


You had 2 spell levels left.
You didn't know any spells.
Your spell library contained the following spells:

 Spells                   Type           Power      Damage    Failure   Level
 Animate Skeleton         Necr           0%         N/A       50%         1
 Pain                     Necr           0%         1d4       50%         1
 Vampiric Draining        Necr           0%         2d6       86%         3


Dungeon Overview and Level Annotations

Branches:
Dungeon (2/15)

Altars:


Innate Abilities, Weirdness & Mutations

You have a pair of horns on your head.
You reflexively headbutt those who attack you in melee.


Message History

* * * LOW HITPOINT WARNING * * *
Robin hits you with a +0 spear.
* * * LOW HITPOINT WARNING * * *
You puncture Robin!
Robin is heavily wounded.
You are no longer berserk.
You are exhausted.
You feel yourself slow down.
You hit Robin. You headbutt Robin.
You kill Robin!
Trog accepts your kill. The goblin barely misses you.
The goblin hits you with a +0 dagger.
* * * LOW HITPOINT WARNING * * *
You hit the frilled lizard.
You kill the frilled lizard!
Trog accepts your kill. The goblin completely misses you.
You furiously retaliate!
You headbutt the goblin!
You kill the goblin!
Trog accepts your kill.
A gnoll comes into view. It is wielding a +0 whip.
You are too injured to fight recklessly!
Unknown command.
A gnoll is nearby!
You are too injured to fight recklessly!
Unknown command.
A gnoll is nearby!
You are too injured to fight recklessly!
Unknown command.
A gnoll is nearby!
You are too injured to fight recklessly!
Unknown command.
Okay, then.
As you read the scroll labelled CIDIYT XENAPPU, it crumbles to dust.
You feel aware of your surroundings.
It was a scroll of magic mapping.
The gnoll shouts!
You hear a shout!
As you read the scroll labelled ISHRAYV KAGIL, it crumbles to dust.
Magic quickly surges around you.
It was a scroll of vulnerability.
The gnoll hits you with a +0 whip!
You die...

,,,,,,,,,,,,,,,,,,,>*
**,******,*,,,,#.#***
,,,,,,,,,,,,,*,#.#
**<******,*,,*,#.#
**,* *,*,,*,#.# ,,,*
*,*,,,,..# ########
*,,* *.######.#
####......# ,,,*
*.......g#
#....###.## *,***
*******#@###.#..# #.#
,,,,**** #.)...#..#
#.# ,,,,,,,*
#######..# #.#
,,,,,,,* #.†###.#
,,,,,,,* #......#
,,,,,,,* ##.#####
,,,,,,,* #.#
,,,,,,,** #.#
,,,,,,,,* #.#


You could see a gnoll (weak-willed).

Vanquished Creatures
  Robin (D:2)
  A gnoll (D:1)
  3 bats
  4 goblins
  3 hobgoblins
  5 kobolds (D:1)
  2 frilled lizards
19 creatures vanquished.

Vanquished Creatures (others)
  A plant (D:1)
  5 withered plants (D:1)
6 creatures vanquished.

Grand Total: 25 creatures vanquished

Notes
Turn   | Place    | Note
-------+----------+-------------------------------------------
     0 | D:1      | Decipherer the Minotaur Berserker began the quest for the
                  | Orb.
     0 | D:1      | Reached XP level 1. HP: 19/19 MP: 0/0
   123 | D:1      | Reached XP level 2. HP: 27/27 MP: 1/1
   217 | D:1      | Found a faded altar of an unknown god.
  1070 | D:2      | Noticed Robin
  1085 | D:2      | Reached XP level 3. HP: 14/33 MP: 2/2
  1089 | D:2      | Killed Robin
  1099 | D:2      | Slain by a gnoll

Illustrated notes

Levels and vault maps discovered:
D:1:      wander_arrival_chamber, layout_loops_corners,
          shapermc_ecumenical_altar_flowoftime
D:2:      layout_basic, uniq_robin

Skill      XL: |  1  2 |
---------------+-------+-----
Fighting       | 4 |  4.3
Polearms       | 4 |  4.4
Armour         | |  2.6
Dodging        | |  2.4
Stealth        | |  0.2

Action                   || total
-------------------------++-------
Melee: Spear             ||    76
       Headbutt          ||    17
Invok: Berserk           ||     1
  Use: Scroll            ||     2
Armor: Animal skin       ||     5
Dodge: Dodged            ||    13

Table legend: (Time is in decaauts)
 A = Elapsed time spent in this place.
 B = Non-inter-level travel time spent in this place.
 C = Inter-level travel time spent in this place.
 D = Time resting spent in this place.
 E = Time spent auto-exploring this place.
 F = Levels seen in this place.
 G = Mean time per level.
                   A        B        C        D        E       F      G
               +--------+--------+--------+--------+--------+-----+--------+
         Total |   1092 |   1066 |     26 |      0 |    937 |   2 |  546.0 |
       Dungeon |   1092 |   1066 |     26 |      0 |    937 |   2 |  546.0 |
               +--------+--------+--------+--------+--------+-----+--------+

Top non-repeatable levels by time:
     D:1: 1016 daAuts
     D:2: 76 daAuts
